 Dungeon Crawl Stone Soup version 0.25-a0-426-g7d9e569eea (webtiles) character file.

Game seed: 6732586901268706499, levelgen mode: deterministic

49 Nattfarinn the Vexing (level 3, -6/19 HPs)
             Began as a Vampire Enchanter on Jan 25, 2020.
             Mangled by Robin
             ... wielding a +0 club
              (8 damage)
             ... on level 2 of the Dungeon.
             The game lasted 00:02:19 (1202 turns).

Nattfarinn the Vexing (Vampire Enchanter)           Turns: 1202, Time: 00:02:20

Health: -6/19      AC:  2    Str:  7    XL:     3   Next: 53%
Magic:  0/6        EV: 12    Int: 18    God:
Gold:   81         SH:  0    Dex: 14    Spells: 3/6 levels left

rFire    . . .     SeeInvis +   e - +2 dagger (speed)
rCold    + + .     Gourm    .   (no shield)
rNeg     + + +     Faith    .   b - +0 robe
rPois    ∞         Spirit   .   (no helmet)
rElec    .         Reflect  .   (no cloak)
rCorr    .         Harm     .   (no gloves)
MR       .....                  (no boots)
Stlth    +++++.....             (no amulet)
HPRegen  0.00/turn              (no ring)
MPRegen  0.10/turn              (no ring)

@: bloodless
A: no food, fangs 3, see invisible, unbreathing
a: Bat Form, Revivify


You were on level 2 of the Dungeon.
You were bloodless.

You visited 1 branch of the dungeon, and saw 2 of its levels.

You collected 81 gold pieces.

Inventory:

Hand Weapons
 a - a +1 dagger
 e - a +2 dagger of speed (weapon)
Armour
 b - a +0 robe (worn)
Jewellery
 d - an uncursed amulet of faith
Scrolls
 f - 2 scrolls of remove curse {unknown}
 g - a scroll of amnesia {unknown}
 h - 2 scrolls of identify {unknown}
Potions
 c - a potion of brilliance {unknown}


   Skills:
 - Level 1.1 Short Blades
 - Level 2.1 Dodging
 + Level 5.2 Stealth
 - Level 2.3 Spellcasting
 * Level 5.6 Hexes
 + Level 0.5 Ice Magic


You had 3 spell levels left.
You knew the following spells:

 Your Spells              Type           Power        Failure   Level  Hunger
a - Corona                Hex            ###....      1%          1    N/A
b - Ensorcelled Hibernat  Hex/Ice        ##....       8%          2    N/A

Your spell library contained the following spells:

 Spells                   Type           Power        Failure   Level  Hunger
 Confusing Touch          Hex            ###.....     4%          3    N/A
 Tukima's Dance           Hex            ###.....     4%          3    N/A
 Dazzling Flash           Conj/Hex       ##....       16%         3    N/A

Dungeon Overview and Level Annotations

Branches:
Dungeon (2/15)

Altars:

Annotations:
D:2 Robin


Innate Abilities, Weirdness & Mutations

You do not eat.
You do not regenerate when monsters are visible.
You are frail without blood (-20% HP).
You can heal yourself when you bite living creatures.
You are immune to poison.
You have razor-sharp teeth.
You have supernaturally acute eyesight. (SInv)
You can survive without breathing.


Message History

Aim: Robin, wielding a +0 club, wearing a +0 animal skin, wearing a +0 helmet and carrying a wand of random effects (13) (chance to defeat MR: 52%) Robin resists with significant effort.
Robin hits you but does no damage.
Casting: Ensorcelled Hibernation (safe; 8% risk of failure)
Confirm with . or Enter, or press ? or * to list all spells.
Aiming: Ensorcelled Hibernation (safe; 8% risk of failure)
Press: ? - help, Shift-Dir - straight line, f/p - Robin
Aim: Robin, wielding a +0 club, wearing a +0 animal skin, wearing a +0 helmet and carrying a wand of random effects (13) (chance to defeat MR: 52%) Robin resists with significant effort.
Robin hits you with a +0 club.
You hit Robin but do no damage.
A goblin comes into view.
Robin throws the goblin at you!
* * * LOW HITPOINT WARNING * * *
You barely miss the goblin.
The goblin no longer looks unusually strong.
The goblin hits you.
* * * LOW HITPOINT WARNING * * *
You hit the goblin.
The goblin is severely wounded.
Robin hits you with a +0 club!
You die...

.##.##.# #.# ##.##
.......# #.# ###
######## #.# #.#
####.# ##....#
#.....##
#.#.#.#.###########
..
#...#...g@g.....# .
#####..########g#
#..## ...## ###. #.
#+


You could see Robin and 2 goblins.

Vanquished Creatures
  2 dart slugs (D:1)
  6 leopard geckos
  2 bats
  2 giant cockroaches (D:1)
  11 goblins
  A hobgoblin (D:1)
  A frilled lizard (D:1)
  5 kobolds (D:1)
  7 rats (D:1)
37 creatures vanquished.

Notes
Turn   | Place    | Note
-------+----------+-------------------------------------------
     0 | D:1      | Nattfarinn the Vampire Enchanter began the quest for the
                  | Orb.
     0 | D:1      | Reached XP level 1. HP: 13/13 MP: 3/3
   339 | D:1      | Reached XP level 2. HP: 15/15 MP: 5/5
   502 | D:1      | Reached skill level 5 in Hexes
   860 | D:1      | Learned a level 2 spell: Ensorcelled Hibernation
   931 | D:1      | Reached XP level 3. HP: 19/19 MP: 6/6
   932 | D:1      | Reached skill level 5 in Stealth
  1177 | D:2      | Noticed Robin
  1202 | D:2      | Mangled by Robin

Levels and vault maps discovered:
D:1:      lightli_arrival_windingriver, layout_rooms, minmay_distorted
D:2:      layout_loops_corners, amethyst_overflow_temple_binary, first_ration,
          uniq_robin, uniq_sigmund

Skill      XL: |  1  2  3 |
---------------+----------+-----
Hexes          | 5 |  5.6
Stealth        | 5 |  5.2
Short Blades   | |  1.1
Dodging        | |  2.1
Spellcasting   | |  2.3
Ice Magic      | |  0.5

Action                   || total
-------------------------++-------
Melee: Dagger            ||    92
       Bite              ||     7
 Cast: Corona            ||     1
       Ensorcelled Hiber ||     3
 Abil: Exsanguinate      ||     1
 Stab: Sleeping          ||    14
Armor: Robe              ||     8
Dodge: Dodged            ||    41

Table legend:
 A = Non-vault XP
 B = Vault XP
 C = Vault XP percentage of total XP
 D = Non-vault monster count
 E = Vault monster count
 F = Vault count percentage of total count
                 A         B        C        D         E       F
            +---------+---------+-------+---------+---------+-------
      Total |      53 |      18 |  25.4 |      27 |      10 |  27.0
            +---------+---------+-------+---------+---------+-------
        D:1 |      41 |       8 |  16.3 |      22 |       4 |  15.4
        D:2 |      12 |      10 |  45.5 |       5 |       6 |  54.5
            +---------+---------+-------+---------+---------+-------
